 Dungeon Crawl Stone Soup version 0.16-b1 (webtiles) character file.

22769 McCoppin the Fighter (level 12, -3/115 HPs)
             Began as a Troll Conjurer on Mar 14, 2015.
             Was a High Priest of Okawaru.
             Slain by a four-headed hydra (5 damage)
             ... on level 2 of the Lair of Beasts.
             The game lasted 01:33:50 (14778 turns).

McCoppin the Fighter (Troll Conjurer)              Turns: 14778, Time: 01:33:50

Health: -3/115     AC: 13    Str: 27    XL:     12   Next: 65%
Magic:  18/18      EV:  1    Int: 11    God:    Okawaru [*****.]
Gold:   1052       SH:  0    Dex: 13    Spells: 1 memorised, 12 levels left

rFire  + . .     SeeInvis +       - Unarmed
rCold  . . .     Clarity  .     Q - +0 robe "Dukkuom" {Str+3} (curse)
rNeg   + + +     SustAb   .     (shield restricted)
rPois  ∞         Gourm    +     (helmet restricted)
rElec  .         Spirit   .     k - +1 cloak
rCorr  .         Warding  .     (gloves unavailable)
rMut   .         Stasis   .     (boots unavailable)
MR     .....                    s - amulet of faith
Stlth  ++........               u - +4 ring of slaying
                                T - +4 ring of protection

@: petrified, very slightly contaminated, hasted, not resistant to hostile
enchantments, unstealthy
A: unfitting armour, claws 3, yellow scales 1, see invisible, agile 1, fire
resistance 1, fast metabolism 3, frail 1, gourmand, low mp 1, regeneration 2,
shaggy fur 1, strong 1, tough skin 2, forlorn
a: Heroism, Finesse, Renounce Religion


You were on level 2 of the Lair of Beasts.
You worshipped Okawaru.
Okawaru was extremely pleased with you.
You were very full.

You visited 4 branches of the dungeon, and saw 18 of its levels.

You collected 1052 gold pieces.

Inventory:

Hand weapons
 i - a +1 blowgun
Missiles
 d - a throwing net (quivered)
 j - 60 poisoned needles
 m - 3 needles of sleeping
 O - 4 large rocks
 S - 3 poisoned javelins
Armour
 k - a +1 cloak (worn)
 Q - the cursed +0 robe "Dukkuom" (worn) {Str+3}
   (Okawaru gifted it to you on level 11 of the Dungeon)

   It affects your strength (+3).
   It has a curse placed upon it.
Jewellery
 n - an uncursed ring of flight
 q - a +3 ring of slaying
 s - an amulet of faith (around neck)
 u - a +4 ring of slaying (right claw)
 y - a +4 ring of dexterity
 K - an uncursed ring of see invisible
 L - an uncursed ring of stealth
 T - a +4 ring of protection (left claw)
 W - an uncursed ring of poison resistance
 X - an uncursed ring of fire
 Z - an uncursed amulet of resist corrosion {unknown}
Magical devices
 h - a wand of random effects (20)
 p - a wand of digging (4)
 v - a wand of paralysis (3)
 E - a wand of frost (17)
 J - a wand of disintegration (0)
 M - a wand of slowing (6)
 N - a wand of polymorph (5)
 Y - a wand of heal wounds (6)
Scrolls
 e - a scroll of noise
 w - a scroll of immolation
 x - 3 scrolls of magic mapping
 z - 3 scrolls of enchant armour
 B - a scroll of holy word
 G - 2 scrolls of recharging
 U - a scroll of remove curse
 V - 2 scrolls of enchant weapon
Potions
 o - a potion of berserk rage
 A - 7 potions of curing
 F - a potion of restore abilities
 H - a potion of magic
Books
 c - a book of Conjurations

   Spells                             Type                      Level
   a - Magic Dart                     Conjuration                  1
   b - Searing Ray                    Conjuration                  2
   c - Dazzling Spray                 Conjuration/Hexes            3
   d - Fulminant Prism                Conjuration/Hexes            4
   e - Iskenderun's Mystic Blast      Conjuration                  4
   f - Iskenderun's Battlesphere      Conjuration/Charms           5
 C - a book of Summonings

   Spells                             Type                      Level
   a - Abjuration                     Summoning                    3
   b - Recall                         Summoning/Translocation      3
   c - Shadow Creatures               Summoning                    5
   d - Summon Demon                   Summoning                    5
   e - Summon Forest                  Summoning/Translocation      5
   f - Monstrous Menagerie            Summoning                    6
Miscellaneous
 t - a phantom mirror
Comestibles
 b - 3 meat rations
 g - 2 beef jerkies
 r - 7 bread rations
 D - 10 fruits
 P - 7 royal jellies


   Skills:
 - Level 10.7 Fighting
 - Level 7.4 Dodging
 - Level 1.1 Stealth
 - Level 10.1 Unarmed Combat
 - Level 1.2 Spellcasting
 - Level 2.9 Conjurations
 + Level 9.4 Evocations


You had 12 spell levels left.
You knew the following spells:

 Your Spells              Type           Power        Failure   Level  Hunger
a - Magic Dart            Conj           #...         12%         1    ##.....


Dungeon Overview and Level Annotations

Branches:
Dungeon (13/15)            Temple (1/1) D:7            Lair (3/8) D:10
    Orc (1/4) D:9
  Swamp: Lair:3-6    Shoals: Lair:3-6     Snake: Lair:3-6    Spider: Lair:3-6
 Vaults: D:13-14

Altars:
Ashenzari
Dithmenos
Elyvilon
Gozag
Kikubaaqudgha
Makhleb
Nemelex Xobeh
Okawaru
Qazlal
Ru
Trog
Vehumet
Xom
Yredelemnul
Zin
The Shining One
Beogh

Shops:
D:8 (


Innate Abilities, Weirdness & Mutations

You are too large for most types of armour.
You have claws for hands.
Your metabolism is lightning-fast.
You like to eat raw meat.
You heal very quickly.
You are covered in fur (AC +1).
You have very tough skin (AC +2).
You are partially covered in yellow scales (AC +2).
You have supernaturally acute eyesight.
You are agile. (Dex +2)
Your flesh is heat resistant.
You are frail (-10% HP).
Your magical capacity is low (-10% MP).
Your muscles are strong. (Str +2)
You have difficulty communicating with the divine.


Message History

The four-headed hydra bites you but does no damage.
You are very lightly contaminated with residual magic.
You have turned to stone.
The basilisk gazes at you. You resist with some effort.
The four-headed hydra bites you but does no damage. x3
The four-headed hydra bites you!
* * * LOW HITPOINT WARNING * * *
The basilisk bites you!
* * * LOW HITPOINT WARNING * * *
The four-headed hydra bites you.
* * * LOW HITPOINT WARNING * * *
The four-headed hydra completely misses you.
The four-headed hydra bites you but does no damage. x2
The basilisk bites you.
* * * LOW HITPOINT WARNING * * *
The basilisk bites you!
* * * LOW HITPOINT WARNING * * *
The four-headed hydra bites you!
You die...

###### ########.# ###
##.##.####.....##.####.######
#............................
#............................
#....#.####.......#.##.#.....
#....#..##P.......###..#.....
###...##...#.......##..........
#.....##.....lD................
###...##......@............P...
#....#............##.###P##...
#P....#...........#..#.###P...
#.........#...................
##...##.###...................
#....#.#..#...................
##.<..........................
#..............).............
#............................


You could see a four-headed hydra and a basilisk.

Vanquished Creatures
  A hydra (D:11)
  2 centaur warriors (D:13)
  The ghost of toofou the Cleaver, an experienced MiBe of Trog (D:8)
  2 unseen horrors (D:11)
  2 hill giants
  2 ugly things
  Joseph (D:8)
  2 komodo dragons (Lair:1)
  A kobold demonologist (D:12)
  2 trolls
  2 two-headed ogres
  2 wyverns
  3 slime creatures (D:12)
  7 yaks
  3 deep elf magi
  4 vampire mosquitoes (D:12)
  2 hippogriffs
  6 wolves (Lair:1)
  2 hungry ghosts
  3 steam dragons
  Edmund (D:8)
  A porcupine (Lair:1)
  4 water moccasins
  3 sky beasts
  A black bear (D:7)
  5 ice beasts
  A necrophage (D:10)
  9 orc warriors
  6 ogres
  5 phantoms
  3 vampire mosquito zombies (D:12)
  4 crocodiles
  16 big kobolds
  Duvessa (D:5)
  17 centaurs
  10 giant frogs
  3 gnoll sergeants
  7 killer bees
  A wyvern skeleton (D:9)
  7 scorpions
  5 wights (D:11)
  3 goliath beetles
  A quasit (D:10)
  A spriggan skeleton (D:11)
  Dowan (D:5)
  4 jellies
  3 crimson imps
  2 giant frog zombies
  2 giant frog skeletons
  6 hounds
  2 centaur zombies (D:10)
  8 orc priests
  A centaur skeleton (D:11)
  14 orc wizards
  4 iguanas
  12 worker ants
  Jessica (D:3)
  7 sheep (Lair:2)
  A hound skeleton (D:5)
  Terence (D:2)
  A mummy (D:12)
  16 adders
  15 river rats
  3 giant mites
  12 gnolls
  5 shadow imps
  3 worms
  2 adder zombies
  9 giant geckos
  An ooze (D:5)
  61 orcs
  4 ball pythons
  6 bats
  2 bat skeletons
  A bat zombie (D:5)
  3 giant cockroaches (D:3)
  9 goblins
  10 hobgoblins
  4 jackals (D:7)
  31 kobolds
  5 quokkas
  2 giant newts (D:5)
  13 rats
  12 ballistomycetes (D:10)
464 creatures vanquished.

Vanquished Creatures (others)
  A wyvern (D:9)
  A giant spore (D:10)
  A fungus (Lair:1)
3 creatures vanquished.

Grand Total: 467 creatures vanquished

Notes
Turn   | Place    | Note
--------------------------------------------------------------
     0 | D:1      | McCoppin, the Troll Conjurer, began the quest for the Orb.
     0 | D:1      | Reached XP level 1. HP: 16/16 MP: 2/2
    63 | D:2      | Reached skill level 1 in Unarmed Combat
    63 | D:2      | Reached XP level 2. HP: 4/24 MP: 0/2
   151 | D:2      | Noticed Terence
   159 | D:2      | Killed Terence
   222 | D:2      | Reached XP level 3. HP: 14/31 MP: 3/3
   452 | D:3      | Reached skill level 3 in Unarmed Combat
   759 | D:3      | Noticed Jessica
   770 | D:3      | Killed Jessica
   770 | D:3      | Reached XP level 4. HP: 39/39 MP: 4/4
   806 | D:3      | Reached skill level 4 in Unarmed Combat
  1149 | D:4      | Reached XP level 5. HP: 23/45 MP: 4/4
  1280 | D:5      | Entered Level 5 of the Dungeon
  1292 | D:5      | Noticed a sky beast
  1293 | D:5      | Reached skill level 5 in Unarmed Combat
  1306 | D:5      | Killed a sky beast
  1317 | D:5      | Gained mutation: You have large cloven feet. [mutagenic meat]
  1318 | D:5      | Gained mutation: Your flesh is heat resistant. [mutagenic meat]
  1319 | D:5      | Gained mutation: You have difficulty communicating with the divine. [mutagenic meat]
  1367 | D:5      | Reached skill level 6 in Unarmed Combat
  1367 | D:5      | Reached XP level 6. HP: 32/53 MP: 5/5
  1409 | D:5      | Noticed a phantom
  1443 | D:5      | Killed a phantom
  1578 | D:5      | Found a glowing golden altar of the Shining One.
  1605 | D:5      | Noticed Duvessa
  1629 | D:5      | Noticed Dowan
  1635 | D:5      | Killed Duvessa
  1635 | D:5      | Reached skill level 7 in Unarmed Combat
  1638 | D:5      | Killed Dowan
  1638 | D:5      | Reached XP level 7. HP: 47/59 MP: 5/5
  2472 | D:6      | Reached skill level 8 in Unarmed Combat
  2727 | D:6      | Noticed a yak
  2845 | D:6      | Gained mutation: You are frail (-10% HP). [potion of mutation]
  2845 | D:6      | Lost mutation: You have large cloven feet. [potion of mutation]
  2888 | D:6      | Reached skill level 9 in Unarmed Combat
  2968 | D:6      | Reached XP level 8. HP: 54/60 MP: 6/6
  3190 | D:6      | Killed a yak
  3190 | D:6      | Reached skill level 10 in Unarmed Combat
  3348 | D:6      | Reached skill level 1 in Fighting
  3848 | D:7      | Found a staircase to the Ecumenical Temple.
  3858 | Temple   | Entered the Ecumenical Temple
  4180 | Temple   | Became a worshipper of Warmaster Okawaru
  4341 | D:7      | Reached XP level 9. HP: 65/72 MP: 7/7
  4501 | D:7      | Found a shimmering altar of Xom.
  4564 | D:7      | Acquired Okawaru's first power
  4625 | D:7      | Noticed a two-headed ogre
  4688 | D:7      | Killed a two-headed ogre
  5001 | D:7      | Found a shimmering altar of Xom.
  5002 | D:7      | Found a shimmering altar of Xom.
  5365 | D:8      | Noticed Edmund
  5376 | D:8      | Killed Edmund
  5376 | D:8      | Reached skill level 5 in Dodging
  5408 | D:8      | Reached skill level 5 in Fighting
  5597 | D:8      | Reached XP level 10. HP: 88/88 MP: 7/7
  5694 | D:8      | Gained mutation: Your muscles are strong. (Str +2) [potion of mutation]
  5694 | D:8      | Gained mutation: You are clumsy. (Dex -2) [potion of mutation]
  5694 | D:8      | Lost mutation: You are clumsy. (Dex -2) [potion of mutation]
  5982 | D:8      | Found Goreah's Weapon Shoppe.
  6237 | D:8      | Noticed toofou's ghost (experienced MiBe)
  6288 | D:8      | Noticed Joseph
  6308 | D:8      | Killed Joseph
  6740 | D:8      | Killed toofou's ghost
  7978 | D:9      | Found a staircase to the Orcish Mines.
  8698 | D:10     | Entered Level 10 of the Dungeon
  8709 | D:9      | Gained mutation: You are agile. (Dex +2) [mutagenic meat]
  8717 | D:9      | Reached XP level 11. HP: 85/101 MP: 7/7
  9282 | D:10     | Found a staircase to the Lair.
  9299 | D:10     | Acquired Okawaru's second power
  9816 | Lair:1   | Entered Level 1 of the Lair of Beasts
  9931 | Lair:1   | Reached skill level 10 in Fighting
 10944 | Lair:2   | Noticed a four-headed hydra
 11260 | Lair:3   | Noticed a four-headed hydra
 11517 | D:11     | Noticed a hill giant
 11540 | D:11     | Killed a hill giant
 11746 | D:11     | Noticed an unseen horror
 11767 | D:11     | Killed an unseen horror
 11767 | D:11     | Received a gift from Okawaru
 12305 | D:11     | Found a runed door.
 12309 | D:11     | Noticed an unseen horror
 12314 | D:11     | Killed an unseen horror
 12360 | D:11     | Noticed a five-headed hydra
 12378 | D:11     | Killed a five-headed hydra
 12378 | D:11     | Received a gift from Okawaru
 12378 | D:11     | Reached skill level 5 in Evocations
 12379 | D:11     | Got a brightly glowing robe {god gift}
 12390 | D:11     | Identified the +0 robe "Dukkuom" {Str+3} (Okawaru gifted it to you on level 11 of the Dungeon)
 12758 | D:12     | Reached XP level 12. HP: 113/115 MP: 16/16
 12764 | D:12     | Noticed a hill giant
 12781 | D:12     | Killed a hill giant
 13280 | D:12     | Gained mutation: You have supernaturally acute eyesight. [mutagenic meat]
 13281 | D:12     | Gained mutation: Your magical capacity is low (-10% MP). [mutagenic meat]
 13526 | D:13     | Noticed a centaur warrior
 13533 | D:13     | Killed a centaur warrior
 13740 | D:13     | Noticed a centaur warrior
 13756 | D:13     | Killed a centaur warrior
 13769 | D:13     | Gained mutation: You are partially covered in yellow scales (AC +2). [mutagenic meat]
 13907 | D:13     | Noticed a centaur warrior
 14311 | Orc:1    | Entered Level 1 of the Orcish Mines
 14315 | Orc:1    | Found a roughly hewn altar of Beogh.
 14777 | Lair:2   | HP: 2/115 [basilisk (6)]
 14778 | Lair:2   | Slain by a four-headed hydra

Action                   |  1- 3 |  4- 6 |  7- 9 | 10-12 || total
-------------------------+-------+-------+-------+-------++-------
Melee: Unarmed           |    74 |   117 |   369 |   912 ||  1472
 Fire: Blowgun           |       |     7 |    22 |    12 ||    41
 Cast: Magic Dart        |     2 |       |       |       ||     2
Invok: Heroism           |       |       |       |     3 ||     3
       Finesse           |       |       |       |     3 ||     3
Evoke: Wand              |       |       |       |    20 ||    20
  Use: Scroll            |     3 |       |    12 |    12 ||    27
       Potion            |       |       |     2 |    14 ||    16
 Stab: Sleeping          |       |       |     5 |     5 ||    10
       Distracted        |       |       |     1 |       ||     1
  Eat: Chunk             |     5 |    11 |    40 |    71 ||   127
       Meat ration       |       |       |       |     4 ||     4
       Beef jerky        |       |       |       |     2 ||     2
